 Dungeon Sprint DCSS version 0.21-a0-52-gbf49515 (webtiles) character file.

119 Kidiri the Ruffian (level 4, -1/50 HPs)
             Began as a Troll Monk on June 13, 2017.
             Was a Priest of Wu Jian.
             Slain by a tarantella (14 damage)
             ... in the Dungeon (Sprint V: "Ziggurat Sprint").
             The game lasted 00:01:14 (111 turns).

Kidiri the Ruffian (Troll Monk)                      Turns: 111, Time: 00:01:15

Health: -1/50      AC:  5    Str: 25    XL:     4   Next: 73%
Magic:  3/3        EV: 13    Int:  6    God:    Wu Jian [***...]
Gold:   0          SH:  0    Dex: 19    Spells: 3/3 levels left

rFire    . . .     SeeInvis .     - Unarmed
rCold    . . .     Gourm    +   (no shield)
rNeg     . . .     Faith    .   a - +0 robe
rPois    .         Spirit   .   (helmet restricted)
rElec    .         Reflect  .   (no cloak)
rCorr    .         Harm     .   (gloves unavailable)
MR       .....     NoTele   +   (boots unavailable)
Stlth    ++........             (no amulet)
Regen    0.6/turn               x - +6 ring of dexterity
MPRegen  0.1/turn               B - +6 ring of strength

@: lethally poisoned (-1 -> -4)
A: unfitting armour, claws 3, fast metabolism 3, gourmand, regeneration 1,
shaggy fur 1, tough skin 2
a: Renounce Religion


You were in the Dungeon.
You worshipped Wu Jian.
Wu Jian was most pleased with you.
You were not hungry.

You visited 1 branch

Inventory:

Armour
 a - a +0 robe (worn)
 H - +5 gold dragon scales
 I - the +18 shield of the Gong {rElec rN+ MR+ EV-5}
   (You found it in the Dungeon)

   It affects your evasion (-5).
   It insulates you from electricity.
   It protects you from negative energy.
   It affects your resistance to hostile enchantments.
Jewellery
 x - a +6 ring of dexterity (left claw)
 y - a +6 ring of dexterity
 B - a +6 ring of strength (right claw)
 C - a +6 ring of strength
Wands
 D - a wand of disintegration (7/24)
 E - a wand of iceblast (5/15)
 F - a wand of lightning (5/15)
 G - a wand of acid (5/15)
Scrolls
 h - 4 scrolls of blinking
 o - 4 scrolls of amnesia
 p - 3 scrolls of recharging
 q - 7 scrolls of fog
 r - a scroll of holy word
 s - 5 scrolls of identify
 t - 5 scrolls of remove curse
 u - 2 scrolls of fear
Potions
 c - 10 potions of curing
 d - 10 potions of heal wounds
 e - 6 potions of haste
 f - 7 potions of magic
 g - 3 potions of berserk rage
 i - 2 potions of brilliance
 j - 2 potions of invisibility
 k - 4 potions of resistance
 m - 5 potions of agility
 n - 5 potions of might
Comestibles
 b - 6 bread rations
 v - 42 fruits
 w - 4 meat rations


   Skills:
 * Level 5.1 Fighting
 + Level 2.8 Armour
 * Level 5.1 Dodging
 - Level 1.0 Stealth
 + Level 2.7 Shields
 * Level 6.1 Unarmed Combat


You had 3 spell levels left.
You didn't know any spells.

Dungeon Overview and Level Annotations

Branches:
Dungeon (1/1)

Altars:
Ashenzari
Cheibriados
Dithmenos
Elyvilon
Fedhas
Gozag
Hepliaklqana
Kikubaaqudgha
Makhleb
Nemelex Xobeh
Okawaru
Qazlal
Ru
Sif Muna
Trog
Uskayaw
Vehumet
Wu Jian
Xom
Yredelemnul
Zin
The Shining One
Beogh
Jiyva
Lugonu

Annotations:
D 1 transporter


Innate Abilities, Weirdness & Mutations

You are too large for most types of armour.
You have claws for hands.
Your metabolism is lightning-fast.
You like to eat raw meat.
Your natural rate of healing is unusually fast.
You are covered in fur. (AC +1)
You have very tough skin. (AC +2)


Message History

Unknown command.
You repeatedly attack the scorpion from above.
You completely miss the scorpion.
The scorpion is moderately wounded.
You claw the scorpion!
You kill the scorpion!
The Council accepts your kill.
You can now strike by moving towards foes, devastating them if distracted.
Your Fighting skill increases to level 5!
Your Dodging skill increases to level 5!
Your Unarmed Combat skill increases to level 6!
You attack the tarantella from above.
You miss the tarantella.
The tarantella is heavily wounded.
You feel sick. The tarantella bites you! The tarantella bites you.
* * * LOW HITPOINT WARNING * * *
You spin and attack the tarantella.
You closely miss the tarantella. You claw the tarantella.
The tarantella is heavily wounded.
You feel sick. The tarantella bites you!
You die...

▓▓▓▓▓▓▓▓▓▓▓▓▓
▓.8©8.▓.8©8.▓
▓.?[}.▓.....▓
▓.....▓.).).▓
▓..§§§▓.....▓
▓....@▓.....▓
▓..†s§▓.....▓
▓.....▓▓▓▓▓▓▓
▓▓▓▓▓▓▓


You could see a tarantella.

Vanquished Creatures
  2 scorpions (D)
  A mummy (D)
  A quokka zombie (D)
4 creatures vanquished.

Notes
Turn   | Place    | Note
-------+----------+-------------------------------------------
     0 | D        | Kidiri the Troll Monk began the quest for the Orb.
     0 | D        | Reached XP level 1. HP: 22/22 MP: 0/0
     0 | D        | Found a deep blue altar of Sif Muna.
     0 | D        | Found a sacrificial altar of Ru.
     0 | D        | Found a bloodstained altar of Trog.
     0 | D        | Found a stormy altar of Qazlal.
     0 | D        | Found an iron altar of Okawaru.
     0 | D        | Found a sparkling altar of Nemelex Xobeh.
     0 | D        | Found a blossoming altar of Fedhas.
     2 | D        | Found a transporter.
     2 | D        | Found an ancient bone altar of Kikubaaqudgha.
     2 | D        | Found a viscous altar of Jiyva.
     2 | D        | Found a corrupted altar of Lugonu.
     2 | D        | Found a hazy altar of Hepliaklqana.
     2 | D        | Found a burning altar of Makhleb.
     2 | D        | Found an opulent altar of Gozag.
    69 | D        | Became a worshipper of the Wu Jian Council
    69 | D        | Reached * piety under Wu Jian
    69 | D        | Reached ** piety under Wu Jian
    70 | D        | Reached skill level 1 in Armour
    70 | D        | Reached skill level 1 in Shields
    70 | D        | Reached skill level 4 in Unarmed Combat
    70 | D        | Reached XP level 2. HP: 32/32 MP: 1/1
    85 | D        | Entered arena 2.
    85 | D        | Found a transporter.
   103 | D        | Entered arena 3.
   103 | D        | Noticed a tarantella
   103 | D        | Noticed a scorpion
   103 | D        | Noticed a scorpion
   103 | D        | Found a transporter.
   107 | D        | Killed a scorpion
   107 | D        | Reached skill level 5 in Unarmed Combat
   107 | D        | Reached XP level 3. HP: 38/40 MP: 2/2
   107 | D        | Reached XP level 4. HP: 47/49 MP: 3/3
   110 | D        | Reached *** piety under Wu Jian
   110 | D        | Reached skill level 5 in Fighting
   110 | D        | Reached skill level 5 in Dodging
   110 | D        | Reached skill level 6 in Unarmed Combat
   111 | D        | Slain by a tarantella

Vault maps used:
D:        sprint_v

Skill      XL: |  1  2  3  4 |
---------------+-------------+-----
Fighting       | 4 5 |  5.1
Armour         | 1 2 |  2.8
Dodging        | 3 4 5 |  5.1
Shields        | 1 2 |  2.7
Unarmed Combat | 4 5 6 |  6.1
Stealth        | |  1.0

Action                   |  1- 3 |  4- 6 || total
-------------------------+-------+-------++-------
Melee: Unarmed           |    14 |     7 ||    21
       Punch             |     1 |     1 ||     2
  Use: Potion            |     1 |       ||     1
Armor: Robe              |     1 |     2 ||     3
Dodge: Dodged            |     5 |     1 ||     6
